 Dungeon Crawl Stone Soup version 0.31-a0-667-g39726597b9 (webtiles) character file.

Game seed: 11301364814602296355

0 hypnoticbox30 the Grave Robber (level 1, 0/14 HPs)
             Began as a Ghoul Necromancer on Sept 4, 2023.
             Slain by a bat (1 damage)
             ... on level 1 of the Dungeon.
             The game lasted 00:02:52 (58 turns).

hypnoticbox30 the Grave Robber (Ghoul Necromancer)    Turns: 58, Time: 00:02:53

Health: 0/14       AC:  2    Str: 11    XL:     1   Next: 10%
Magic:  2/2        EV: 12    Int: 10    God:
Gold:   0          SH:  0    Dex:  9    Spells: 2/3 levels left

rFire   . . .        (no weapon)
rCold   + . .        (no shield)
rNeg    + + +        a - +0 robe
rPois   ∞            (no helmet)
rElec   .            (no cloak)
rCorr   .            (no gloves)
SInv    .            (no boots)
Will    .....        (no amulet)
Stlth   ++           (no ring)
HPRegen 0.00/turn    (no ring)
MPRegen 0.08/turn

%: no passive effects
@: inhibited regen
A: claws 1, cold resistance 1, negative energy resistance 3, inhibited
regeneration, torment resistance 2, devour on kill
a: no special abilities


You were on level 1 of the Dungeon.
You visited 1 branch of the dungeon, and saw 1 of its levels.

Inventory:

Armour
 a - a +0 robe (worn)
 c - a +0 ring mail
Potions
 b - a potion of magic


   Skills:
 + Level 1.7 Dodging
 + Level 2.2 Stealth
 + Level 1.7 Spellcasting
 + Level 4.0 Necromancy


You had 2 spell levels left.
You knew the following spells:

 Your Spells              Type           Power      Damage    Failure   Level
a - Necrotise             Necr           32%        1d5       6%          1

Your spell library contained the following spells:

 Spells                   Type           Power      Damage    Failure   Level
 Vampiric Draining        Necr           8%         2d6       19%         3
 Animate Dead             Necr           8%         N/A       52%         4
 Agony                    Necr           8%         N/A       86%         5


Dungeon Overview and Level Annotations

Branches:
Dungeon (1/15)

Altars:


Innate Abilities, Weirdness & Mutations

You are immune to poison.
You have sharp fingernails.
Your flesh is cold resistant. (rC+)
You are immune to negative energy. (rN+++)
You do not regenerate when monsters are visible.
You are immune to unholy pain and torment.
You thrive by killing the living.


Message History

Your ball python skeleton closely misses the bat.
The kobold hits your ball python skeleton with a +0 dagger.
You scratch the bat but do no damage.
The bat is heavily wounded.
The bat barely misses you. The bat hits your ball python skeleton.
Your ball python skeleton is destroyed!
A ball python comes into view.
The bat misses you.
A goblin comes into view. It is wielding a +0 dagger.
The bat closely misses you.
A kobold comes into view.
It is wielding a +2 short sword of draining.
The kobold shouts!
The bat attacks as it pursues you! The bat hits you but does no damage.
The bat barely misses you. x2
The ball python hisses angrily.
The bat barely misses you. The bat hits you but does no damage.
A bat comes into view.
The goblin shouts!
The bat closely misses you. The ball python barely misses you.
The ball python grabs you. The ball python constricts you. The bat hits you.
The ball python bites you. The ball python constricts you.
You escape the ball python's grasp.
The bat barely misses you. The bat hits you but does no damage.
The bat attacks as it pursues you! The bat hits you but does no damage.
The bat hits you. The bat hits you but does no damage.
The goblin barely misses you. The bat misses you.
The bat attacks as it pursues you! The bat barely misses you. x2
The bat closely misses you. The kobold attacks as it pursues you!
The kobold hits you with a +2 short sword of draining.
* * * LOW HITPOINT WARNING * * *
The bat hits you.
* * * LOW HITPOINT WARNING * * *
The bat attacks as it pursues you! The bat hits you but does no damage. x2
The bat barely misses you.
The ball python attacks as it pursues you!
The ball python closely misses you. x2
Found a fizzy red potion.
The bat hits you.
You die...

...... #.#...#..#....
###.#...#......#
...#...#..#...#
#............#
#............#
####......._....##### #
#.......bK..........###
#.....@bS.g......##.#.#
..........#..#....##..##
..........K.......##..#.
........####.###.....#.#
.###..... .......#######
#......#####... #.....
##### #....!.


You could see a goblin, 2 bats, a ball python and 2 kobolds.

Vanquished Creatures
  A ball python (D:1)
1 creature vanquished.

Notes
Turn   | Place    | Note
-------+----------+-------------------------------------------
     0 | D:1      | hypnoticbox30 the Ghoul Necromancer began the quest for the
                  | Orb.
     0 | D:1      | Reached XP level 1. HP: 14/14 MP: 2/2
    32 | D:1      | Found a faded altar of an unknown god.
    58 | D:1      | Slain by a bat

Illustrated notes

Levels and vault maps discovered:
D:1:      dpeg_arrival_signposts, layout_basic,
          ebering_ecumenical_altar_sacrificial

Action                     || total
---------------------------++-------
  Melee: Unarmed           ||     5
   Cast: Necrotise         ||     2
 Armour: Robe              ||    20
  Dodge: Dodged            ||    24

Table legend: (Time is in decaauts)
 A = Elapsed time spent in this place.
 B = Non-inter-level travel time spent in this place.
 C = Inter-level travel time spent in this place.
 D = Time resting spent in this place.
 E = Time spent auto-exploring this place.
 F = Levels seen in this place.
 G = Mean time per level.
                   A        B        C        D        E       F      G
               +--------+--------+--------+--------+--------+-----+--------+
         Total |     58 |     58 |      0 |      0 |      0 |   1 |   58.0 |
       Dungeon |     58 |     58 |      0 |      0 |      0 |   1 |   58.0 |
               +--------+--------+--------+--------+--------+-----+--------+

Top non-repeatable levels by time:
     D:1: 58 daAuts
